 Dungeon Crawl Stone Soup version 0.31-a0-202-g547052bce9 (webtiles) character file.

Game seed: 9789108388783322469

296 qw the Skirmisher (level 6, -1/35 HPs)
             Began as a Deep Elf Hunter on June 26, 2023.
             Killed from afar by Ijyb (4 damage)
             ... with a bolt of light
             ... on level 4 of the Dungeon.
             The game lasted 00:01:09 (2833 turns).

qw the Skirmisher (Deep Elf Hunter)                 Turns: 2833, Time: 00:01:09

Health: -1/35      AC: 10    Str: 10    XL:     6   Next: 12%
Magic:  8/8        EV: 11    Int: 14    God:
Gold:   181        SH:  0    Dex: 18    Spells: 5/5 levels left

rFire   . . .        Y - +0 shortbow (flame)
rCold   . . .        (shield currently unavailable)
rNeg    . . .        h - +2 ring mail
rPois   +            l - +1 helmet
rElec   .            (no cloak)
rCorr   .            (no gloves)
SInv    .            j - +0 pair of boots
Will    +....        (no amulet)
Stlth   +            c - ring of willpower
HPRegen 0.25/turn    k - ring of poison resistance
MPRegen 0.11/turn

%: no passive effects
@: no status effects
A: no striking features
a: no special abilities


You were on level 4 of the Dungeon.
You visited 1 branch of the dungeon, and saw 4 of its levels.

You collected 181 gold pieces.


   Skills:
 - Level 2.0 Fighting
 + Level 9.1 Ranged Weapons
 - Level 1.3 Armour
 - Level 2.4 Dodging
 - Level 1.2 Stealth


You had 5 spell levels left.
You didn't know any spells.
Your spell library was empty.

Inventory:

Hand Weapons
 Y - a +0 shortbow of flaming (weapon)
Armour
 h - a +2 ring mail (worn)
 j - a +0 pair of boots (worn)
 l - a +1 helmet (worn)
Jewellery
 c - a ring of willpower (left hand)
 k - a ring of poison resistance (right hand)
Scrolls
 b - 3 scrolls of identify
Potions
 a - a potion of curing
 d - a potion of resistance
 f - a potion of cancellation
 g - a potion of enlightenment
 i - a potion of degeneration {unknown}
 n - a potion of berserk rage {unknown}

Dungeon Overview and Level Annotations

Branches:
Dungeon (4/15)
 Temple: D:4-7

Altars:

Annotations:
D:4 Ijyb


Message History

The orc hits you with a +0 dagger. The orc barely misses you.
You shoot an arrow. The arrow barely misses the orc.
Ijyb hits you but does no damage. The orc hits you but does no damage. x2
You shoot an arrow. The arrow hits the orc!
The arrow burns the orc.
You kill the orc!
The orc hits you with a +0 dagger.
Ijyb zaps a wand.
The bolt of light misses you.
You shoot an arrow. The arrow closely misses Ijyb.
Ijyb hits you with a +0 club. The orc barely misses you.
The orc hits you with a +0 short sword.
You shoot an arrow. The arrow hits Ijyb but does no damage.
Ijyb screams, "Me very upset!"
Ijyb hits you but does no damage. The orc hits you but does no damage.
The orc hits you with a +0 short sword.
Ijyb zaps a wand.
The bolt of light misses you. The orc hits you but does no damage.
The orc hits you with a +0 short sword.
You shoot an arrow. The arrow hits Ijyb!
Ijyb is moderately wounded.
The orc barely misses you. Ijyb hits you with a +0 club.
The orc hits you but does no damage.
You shoot an arrow. The arrow misses Ijyb.
The orc completely misses you. Ijyb hits you but does no damage.
The orc hits you but does no damage.
You shoot an arrow. The arrow hits Ijyb but does no damage.
Ijyb is moderately wounded.
The orc closely misses you. Ijyb hits you with a +0 club.
The orc hits you but does no damage.
You shoot an arrow. The arrow hits Ijyb.
Ijyb is moderately wounded.
The orc hits you but does no damage. Ijyb barely misses you.
The orc hits you with a +0 short sword.
You shoot an arrow. The arrow closely misses Ijyb.
The orc hits you but does no damage. Ijyb hits you but does no damage.
You shoot an arrow. The arrow hits Ijyb.
The arrow burns Ijyb.
Ijyb is severely wounded.
Ijyb closely misses you. The orc barely misses you.
You shoot an arrow. The arrow closely misses Ijyb.
The orc hits you but does no damage.
Ijyb zaps a wand.
The bolt of light hits you.
You die...

#....####..........
.........
#..............#
.........
#........##..###
.......##
......###...##..##
......# ....###
#...###..# ....%
..## #..## #..#
.... .. #..# #..#
.... . #.## ##o## .
#.# #@O# .. ..#
##g.....# .# ..#
o...### ...## ..##
.)# ... ...


You could see an ogre, Ijyb (resistant) and 2 orcs.

Vanquished Creatures
  An orc priest (D:4)
  A sleepcap (D:4)
  An iguana (D:4)
  An orc wizard (D:3)
  Robin (D:3)
  7 adders
  An ufetubus (D:4)
  2 dart slugs
  9 orcs
  4 ball pythons
  4 bats
  10 endoplasms
  2 giant cockroaches (D:1)
  11 goblins
  8 hobgoblins
  9 jackals
  4 quokkas
  10 kobolds
  6 rats
92 creatures vanquished.

Notes
Turn   | Place    | Note
-------+----------+-------------------------------------------
     0 | D:1      | qw the Deep Elf Hunter began the quest for the Orb.
     0 | D:1      | Reached XP level 1. HP: 12/12 MP: 3/3
     0 | D:1      | 0 ||| qw: Version: 0.3-a-22-g0ed2b0b
     0 | D:1      | 0 ||| qw: Game counter: 6233
     0 | D:1      | 0 ||| qw: Melee chars always use a shield: true
     0 | D:1      | 0 ||| qw: God list: Okawaru
     0 | D:1      | 0 ||| qw: Allow faded altars: false
     0 | D:1      | 0 ||| qw: Do Orc after clearing Dungeon:15 true
     0 | D:1      | 0 ||| qw: Do second Lair branch before Depths: true
     0 | D:1      | 0 ||| qw: Lair rune preference: random
     0 | D:1      | 0 ||| qw: Goals: Normal
     0 | D:1      | 0 ||| PLANNING D:1-11
   150 | D:1      | Reached skill level 6 in Ranged Weapons
   150 | D:1      | Reached XP level 2. HP: 13/16 MP: 4/4
   577 | D:1      | Found a faded altar of an unknown god.
   915 | D:1      | 915 ||| UPGRADING to +0 ring mail.
   925 | D:1      | 925 ||| DROPPING +0 leather armour.
   926 | D:1      | 926 ||| READING scroll labelled FEIL FOSOH.
   927 | D:1      | 927 ||| READING 3 scrolls labelled XUMAMN BIMU.
   928 | D:1      | 928 ||| READING 2 scrolls of enchant armour.
   928 | D:1      | 928 ||| ENCHANTING +0 ring mail.
   929 | D:1      | 929 ||| READING scroll of enchant armour.
   929 | D:1      | 929 ||| ENCHANTING +1 ring mail.
   930 | D:1      | 930 ||| READING scroll labelled TOURRU APPALLUCEL.
   931 | D:1      | 931 ||| READING scroll labelled BEURORPH RIRY.
   961 | D:1      | 961 ||| DROPPING scroll of butterflies.
  1031 | D:2      | Reached XP level 3. HP: 20/20 MP: 5/5
  1144 | D:2      | Reached skill level 7 in Ranged Weapons
  1251 | D:2      | Reached XP level 4. HP: 25/25 MP: 6/6
  1407 | D:2      | 1407 ||| UPGRADING to ring of willpower.
  1408 | D:2      | 1408 ||| READING scroll labelled HAXTEA GOUMERO.
  1409 | D:2      | 1409 ||| DRINKING 2 green potions.
  1410 | D:2      | 1410 ||| READING 2 scrolls of identify.
  1410 | D:2      | 1410 ||| IDENTIFYING fuming yellow potion
  1442 | D:3      | You fall into a shaft and drop 1 floor!
  1507 | D:4      | 1507 ||| FLEEEEING.
  1508 | D:4      | 1508 ||| FLEEEEING.
  1509 | D:4      | 1509 ||| STAIRDANCE
  1624 | D:3      | Reached skill level 8 in Ranged Weapons
  1690 | D:3      | Noticed Robin
  1701 | D:3      | Killed Robin
  1706 | D:3      | Reached XP level 5. HP: 17/29 MP: 7/7
  2304 | D:3      | 2304 ||| UPGRADING to +0 pair of boots.
  2309 | D:3      | 2309 ||| UPGRADING to +1 helmet.
  2314 | D:3      | 2314 ||| UPGRADING to ring of poison resistance.
  2315 | D:3      | 2315 ||| READING scroll labelled ZYPHEL KIZXE.
  2318 | D:3      | 2318 ||| READING scroll labelled YRUHIZINTE.
  2319 | D:3      | 2319 ||| DRINKING 2 bubbling puce potions.
  2320 | D:3      | 2320 ||| READING 3 scrolls of identify.
  2320 | D:3      | 2320 ||| IDENTIFYING grey potion
  2321 | D:3      | 2321 ||| READING 2 scrolls of identify.
  2321 | D:3      | 2321 ||| IDENTIFYING metallic emerald potion
  2440 | D:4      | Noticed an ogre
  2441 | D:4      | 2441 ||| FLEEEEING.
  2442 | D:4      | 2442 ||| FLEEEEING.
  2443 | D:4      | 2443 ||| FLEEEEING.
  2444 | D:4      | 2444 ||| FLEEEEING.
  2448 | D:4      | 2448 ||| FLEEEEING.
  2449 | D:4      | 2449 ||| FLEEEEING.
  2450 | D:4      | 2450 ||| FLEEEEING.
  2451 | D:4      | 2451 ||| FLEEEEING.
  2452 | D:4      | 2452 ||| STAIRDANCE
  2495 | D:4      | Reached skill level 9 in Ranged Weapons
  2813 | D:4      | Noticed Ijyb
  2815 | D:4      | HP: 7/30 [orc priest/nerve-wracking pain (9)]
  2816 | D:4      | 2816 ||| DRINKING potion of heal wounds.
  2819 | D:4      | Reached skill level 1 in Armour
  2819 | D:4      | Reached XP level 6. HP: 26/35 MP: 8/8
  2826 | D:4      | HP: 8/35 [orc/+0 short sword (2)]
  2830 | D:4      | HP: 2/35 [orc/+0 short sword (2)]
  2833 | D:4      | Killed from afar by Ijyb

Levels and vault maps discovered:
D:1:      kilobyte_arrival_exit_the_forest, layout_basic,
          ebering_ecumenical_altar_box
D:2:      layout_rooms
D:3:      minmay_angry_zag, layout_loops_ring, nrook_uturn, nicolae_the_louvre,
          uniq_robin
D:4:      layout_layer_cave, minmay_misc_feat_diagonals, nrook_campfire,
          uniq_ijyb

Skill      XL: |  1  2  3  4  5 |
---------------+----------------+-----
Ranged Weapons | 6 7 8 9 |  9.1
Fighting       | 2 |  2.0
Armour         | 1 |  1.3
Dodging        | |  2.4
Stealth        | |  1.2

Action                     |  1- 3 |  4- 6 || total
---------------------------+-------+-------++-------
   Fire: Shortbow          |   106 |   160 ||   266
    Use: Scroll            |     6 |     6 ||    12
         Potion            |       |     3 ||     3
 Armour: Leather armour    |     6 |       ||     6
         Ring mail         |    35 |    60 ||    95
  Dodge: Dodged            |    55 |    89 ||   144

Table legend:
 A = Non-vault XP
 B = Vault XP
 C = Vault XP percentage of total XP
 D = Non-vault monster count
 E = Vault monster count
 F = Vault count percentage of total count
                 A         B        C        D         E       F
            +---------+---------+-------+---------+---------+-------
      Total |     331 |      93 |  21.9 |      74 |      18 |  19.6
            +---------+---------+-------+---------+---------+-------
        D:1 |      30 |       0 |   0.0 |      17 |       0 |   0.0
        D:2 |      74 |       0 |   0.0 |      22 |       0 |   0.0
        D:3 |      34 |      93 |  73.2 |      10 |      18 |  64.3
        D:4 |     193 |       0 |   0.0 |      25 |       0 |   0.0
            +---------+---------+-------+---------+---------+-------
